 Dungeon Crawl Stone Soup version 0.21.2 (webtiles) character file.

57540 Delanovic the Blocker (level 14, -2/135 HPs)
             Began as a Deep Dwarf Fighter on Feb 17, 2019.
             Was the Champion of Makhleb.
             Killed from afar by a rime drake (13 damage)
             ... with a flash freeze
             ... on level 5 of the Lair of Beasts.
             The game lasted 01:31:10 (18380 turns).

Delanovic the Blocker (Deep Dwarf Fighter)         Turns: 18380, Time: 01:31:11

Health: -2/135     AC: 19    Str: 27    XL:     14   Next: 46%
Magic:  6/6        EV: 19    Int: 12    God:    Makhleb [******]
Gold:   1076       SH: 14    Dex: 15    Spells: 13/13 levels left

rFire    . . .     SeeInvis .   a - +1 war axe
rCold    + . .     Gourm    .   c - +0 shield
rNeg     + . .     Faith    .   V - +3 ring mail
rPois    .         Spirit   .   (helmet restricted)
rElec    .         Reflect  .   O - +0 cloak
rCorr    .         Harm     .   B - +2 pair of gloves
MR       ++...                  v - +0 pair of boots
Stlth    +.........             (no amulet)
HPRegen  0.00/turn              z - +5 ring of slaying
MPRegen  0.10/turn              u - +4 ring of strength

@: non-regenerating
A: damage resistance, heal wounds, antennae 1, thin metallic scales 1, agile 1,
clever 1, cold resistance 1, negative energy resistance 1, sense surroundings 2,
no regeneration
a: Heal Wounds, Minor Destruction, Lesser Servant of Makhleb, Major Destruction,
Greater Servant of Makhleb, Renounce Religion


You were on level 5 of the Lair of Beasts.
You worshipped Makhleb.
Makhleb was exalted by your worship.
You were not hungry.

You visited 2 branches of the dungeon, and saw 18 of its levels.
You also visited: Ossuary and Volcano.

You collected 1274 gold pieces.
You spent 198 gold pieces at shops.

Inventory:

Hand Weapons
 a - a +1 war axe (weapon)
 b - a +0 hand crossbow
Missiles
 M - 56 bolts
Armour
 c - a +0 shield (worn)
 v - a +0 pair of boots (worn)
 B - a +2 pair of gloves (worn)
 E - a +1 chain mail of fire resistance
 J - +0 fire dragon scales
 L - a +2 helmet
 O - a +0 cloak (worn)
 V - a +3 ring mail (worn)
Jewellery
 u - a +4 ring of strength (right hand)
 z - a +5 ring of slaying (left hand)
 H - an uncursed ring of magical power
Wands
 d - a wand of disintegration (2)
 i - a wand of paralysis (21)
 m - a wand of random effects (29)
 q - a wand of scattershot (5)
 P - a wand of flame (61)
Scrolls
 j - 3 scrolls of remove curse
 k - 9 scrolls of teleportation
 l - 6 scrolls of identify
 s - 2 scrolls of enchant armour
 w - a scroll of fear
 y - 4 scrolls of enchant weapon
 A - a scroll of vulnerability
 G - 4 scrolls of amnesia
 I - a scroll of brand weapon {unknown}
 R - a scroll of torment
Potions
 e - 3 potions of resistance
 g - 9 potions of brilliance
 p - 2 potions of lignification
 r - 4 potions of flight
 t - a potion of mutation
 x - 3 potions of magic
 C - a potion of curing
 F - a potion of cancellation
 K - a potion of heal wounds
 N - a potion of berserk rage
 S - 2 potions of haste
 T - a potion of agility
Books
 h - a book of Burglary

   Spells                             Type                      Level
   a - Swiftness                      Charms/Air                   2
   b - Passwall                       Transmutation/Earth          2
   c - Passage of Golubria            Translocation                4
   d - Lee's Rapid Deconstruction     Earth                        5
   e - Darkness                       Hexes                        6
   f - Invisibility                   Hexes                        6
 n - a book of Enchantments

   Spells                             Type                      Level
   a - Cause Fear                     Hexes                        4
   b - Yara's Violent Unravelling     Hexes/Transmutation          5
   c - Silence                        Hexes/Air                    5
   d - Deflect Missiles               Charms/Air                   6
   e - Discord                        Hexes                        8
 D - a book of Maledictions

   Spells                             Type                      Level
   a - Corona                         Hexes                        1
   b - Ensorcelled Hibernation        Hexes/Ice                    2
   c - Confuse                        Hexes                        3
   d - Tukima's Dance                 Hexes                        3
   e - Dazzling Spray                 Conjuration/Hexes            3
 Q - a book of Beasts

   Spells                             Type                      Level
   a - Summon Butterflies             Summoning                    1
   b - Call Canine Familiar           Summoning                    3
   c - Summon Ice Beast               Ice/Summoning                4
   d - Summon Mana Viper              Hexes/Summoning              5
   e - Summon Hydra                   Summoning                    7
Comestibles
 f - 27 rations
 o - 2 chunks of flesh


   Skills:
 + Level 11.0 Fighting
 + Level 12.7 Axes
 + Level 12.8 Armour
 + Level 12.3 Dodging
 + Level 12.9 Shields


You had 13 spell levels left.
You didn't know any spells.

Dungeon Overview and Level Annotations

Branches:
Dungeon (12/15)            Temple (0/1) D:7            Lair (6/6) D:11
 Shoals (0/4) Lair:4       Spider (0/4) Lair:2        Slime (0/5) Lair:5
    Orc (0/2) D:10

Altars:
Cheibriados
Makhleb
Okawaru
Sif Muna
Vehumet
Wu Jian
Yredelemnul
Zin
Jiyva

Shops:
D:4 *   D:6 =   D:10 [

Portals:
Trove: D:11 (give 19 potions of curing)


Innate Abilities, Weirdness & Mutations

You are resistant to damage.
You can heal yourself by infusing magical energy.
You resist negative energy. (rN+)
You passively map the area around you.
You do not regenerate.
You have a pair of small antennae on your head.
You are partially covered in thin metallic scales. (AC +2)
You are agile. (Dex +2)
Your mind is acute. (Int +2)
Your flesh is cold resistant. (rC+)


Message History

The rime drake is moderately wounded.
You hit the lindwurm but do no damage. The lindwurm breathes flames at you.
The blast of flame hits you!
* * * LOW HITPOINT WARNING * * *
The rime drake bites you but does no damage.
You hit the rime drake.
The rime drake is moderately wounded.
You hit the lindwurm but do no damage. You block the lindwurm's attack.
The lindwurm completely misses you. The lindwurm claws you.
The rime drake bites you but does no damage.
You miss the rime drake.
The rime drake is moderately wounded.
You barely miss the lindwurm. The lindwurm breathes flames at you.
The blast of flame hits you!
* * * LOW HITPOINT WARNING * * *
The rime drake breathes ice at you. The flash freeze hits you!
You partially resist.
You die...

##....#...............######## #.
##..............#...#.##.P..P# #.
#..............##..#.........###.
.#..#.......#....#.###.##P)......
.P...##....#.......#######.......
....P###............#####........
..P..#.....P........##.###.......
.................k......###....P.
..P..##.........@......#.......#.
................k#...............
.........P.###...................
.........PPP#....................
.....<....P......#.....#.........
....###..#..#....................
....##....##..P.#...........##...
....#.P...#P....#........^#......
....P..................P..##..PP.


You could see a lindwurm and a rime drake.

Vanquished Creatures
  Rupert (Lair:5)
  Kirke (Lair:4)
  A fire dragon (Volcano)
  5 hydras
  2 catoblepae
  6 two-headed ogres
  Erica (D:8)
  An unseen horror (D:12)
  Pikel (D:7)
  A lindwurm (Volcano)
  3 manticores
  5 slime creatures (D:12)
  An ugly thing (D:12)
  2 cyclopes (D:12)
  6 elephants
  4 black mambas
  Joseph (D:7)
  Maurice (D:10)
  5 komodo dragons
  10 spiny frogs
  The ghost of Delanovic the Cutter, a novice OpWn of Okawaru (D:5)
  A kobold demonologist (D:9)
  A rime drake (Lair:2)
  2 trolls
  A hornet (D:10)
  5 dream sheep
  21 blink frogs
  6 hippogriffs
  A raiju (shapeshifter) (D:12)
  2 fire bats (Volcano)
  Eustachio (D:6)
  5 basilisks
  The ghost of bramble the Ruffian, an amateur MiMo (D:3)
  7 hogs (Lair:3)
  55 yaks
  2 steam dragons (Volcano)
  A hungry ghost (D:8)
  Duvessa (D:6)
  2 acid dragons
  2 hell hounds (Volcano)
  7 swamp worms (Lair:5)
  8 water moccasins
  9 porcupines
  2 orc warriors
  4 slaves (D:7)
  3 black bears
  4 sky beasts
  2 phantoms
  An eye of draining (D:11)
  2 necrophages
  10 ogres
  4 ice beasts
  14 wolves
  2 centaurs
  11 crocodiles
  19 big kobolds
  19 bullfrogs
  Dowan (D:6)
  3 scorpions
  16 killer bees
  7 wights
  3 electric eels
  A howler monkey (D:4)
  9 crimson imps
  3 jellies
  A centaur zombie (D:9)
  3 orc priests
  9 hounds
  6 orc wizards
  A bullfrog skeleton (D:5)
  2 iguanas
  9 worker ants
  A hound skeleton (D:9)
  8 mummies (Ossuary)
  A howler monkey skeleton (D:8)
  19 adders
  4 shadow imps
  5 oozes
  17 worms
  7 leopard geckos
  30 orcs
  4 ball pythons
  6 giant cockroaches
  2 gnoll zombies (Ossuary)
  12 goblins
  12 hobgoblins
  18 jackals
  4 quokkas
  5 bats
  6 frilled lizards
  4 hobgoblin zombies (Ossuary)
  40 kobolds
  2 kobold zombies (Ossuary)
  A leopard gecko skeleton (D:2)
  2 quokka skeletons
  2 rats
  3 fungi
  4 plants
590 creatures vanquished.

Vanquished Creatures (others)
  An orc (D:7)
  3 fungi
  4 plants
8 creatures vanquished.

Grand Total: 598 creatures vanquished

Notes
Turn   | Place    | Note
-------+----------+-------------------------------------------
     0 | D:1      | Delanovic the Deep Dwarf Fighter began the quest for the Orb.
     0 | D:1      | Reached XP level 1. HP: 20/20 MP: 1/1
    90 | D:1      | Reached XP level 2. HP: 27/27 MP: 2/2
   326 | D:1      | Reached XP level 3. HP: 28/34 MP: 3/3
   821 | D:2      | Found a burning altar of Makhleb.
   863 | D:2      | Became a worshipper of Makhleb the Destroyer
   917 | D:2      | Reached XP level 4. HP: 28/42 MP: 4/4
  1386 | D:2      | Found an ornate altar of the Wu Jian Council.
  1714 | D:3      | Noticed bramble's ghost (amateur MiMo)
  1936 | D:4      | Reached * piety under Makhleb
  1936 | D:4      | Reached skill level 1 in Dodging
  1936 | D:4      | Reached XP level 5. HP: 19/49 MP: 5/5
  2150 | D:4      | Found Lonocs's General Store.
  2562 | D:4      | Reached XP level 6. HP: 11/57 MP: 6/6
  2645 | D:3      | Killed bramble's ghost
  2940 | D:3      | Found a deep blue altar of Sif Muna.
  3002 | D:3      | Reached skill level 5 in Shields
  3091 | D:3      | Reached skill level 5 in Armour
  3797 | D:5      | Entered Level 5 of the Dungeon
  3877 | D:5      | Reached XP level 7. HP: 33/64 MP: 6/6
  3958 | D:5      | Found a sand-covered staircase.
  3998 | Ossuary  | Entered an ossuary
  4055 | Ossuary  | Reached ** piety under Makhleb
  4280 | D:5      | Gained mutation: You are agile. (Dex +2) [potion of mutation]
  4280 | D:5      | Gained mutation: You are partially covered in thin metallic scales. (AC +2) [potion of mutation]
  4280 | D:5      | Gained mutation: You evolve. [potion of mutation]
  4285 | D:5      | Noticed Delanovic's ghost (novice OpWn)
  4303 | D:5      | Killed Delanovic's ghost
  4303 | D:5      | Reached skill level 5 in Axes
  4303 | D:5      | Reached XP level 8. HP: 27/73 MP: 7/7
  4439 | D:5      | Found a burning altar of Makhleb.
  5090 | D:6      | Found a basalt altar of Yredelemnul.
  5106 | D:6      | Noticed Duvessa
  5123 | D:6      | Noticed Dowan
  5124 | D:6      | Killed Duvessa
  5124 | D:6      | Reached skill level 5 in Fighting
  5134 | D:6      | Killed Dowan
  5412 | D:6      | Got an iridescent dagger
  5413 | D:6      | Identified the cursed +3 dagger "Kirimnow" {flame, rElec rC+ Str+2} (You found it on level 6 of the Dungeon)
  5610 | D:6      | Noticed Eustachio
  5673 | D:6      | Killed Eustachio
  5781 | D:6      | Reached skill level 5 in Dodging
  5892 | D:6      | Found Enuheki's Jewellery Emporium.
  6178 | D:7      | Gained mutation: You passively map the area around you. [Deep Dwarf growth]
  6178 | D:7      | Reached XP level 9. HP: 31/81 MP: 6/6
  6400 | D:7      | Noticed Pikel
  6416 | D:7      | Noticed Joseph
  6444 | D:7      | Killed Pikel
  6509 | D:7      | Found a staircase to the Ecumenical Temple.
  6560 | D:7      | Killed Joseph
  6844 | D:7      | Reached *** piety under Makhleb
  7288 | D:8      | Noticed Erica
  7331 | D:8      | Killed Erica
  7331 | D:8      | Reached XP level 10. HP: 61/92 MP: 6/6
  7438 | D:8      | Reached **** piety under Makhleb
  7768 | D:8      | Found an iron altar of Okawaru.
  7868 | D:8      | Found a glowing silver altar of Zin.
  8313 | D:9      | Noticed a two-headed ogre
  8336 | D:9      | Killed a two-headed ogre
  8419 | D:9      | Reached ***** piety under Makhleb
  8432 | D:9      | Reached XP level 11. HP: 100/100 MP: 7/7
  8554 | D:9      | Found a snail-covered altar of Cheibriados.
  8745 | D:9      | Gained mutation: Your mind is acute. (Int +2) [evolution]
  8901 | D:9      | Noticed a two-headed ogre
  8922 | D:9      | Killed a two-headed ogre
  9086 | D:10     | Entered Level 10 of the Dungeon
  9268 | D:10     | Found a staircase to the Orcish Mines.
  9272 | D:10     | Noticed a two-headed ogre
  9291 | D:10     | Killed a two-headed ogre
  9303 | D:10     | Found Uweplo's Armour Shop.
  9553 | D:10     | Bought a +2 helmet for 198 gold pieces
  9806 | D:10     | Noticed Maurice
  9830 | D:10     | Killed Maurice
 10175 | D:11     | Noticed a catoblepas
 10280 | D:11     | Found a radiant altar of Vehumet.
 10335 | D:11     | Killed a catoblepas
 10335 | D:11     | Reached skill level 10 in Armour
 10335 | D:11     | Reached skill level 10 in Shields
 10403 | D:11     | Noticed a four-headed hydra
 10425 | D:11     | HP: 4/104 [13-headed hydra (2)]
 10429 | D:11     | Killed a 13-headed hydra
 10472 | D:11     | Found a portal to a secret trove of treasure.
 10534 | D:11     | Reached ****** piety under Makhleb
 11003 | D:11     | Found a staircase to the Lair.
 11083 | D:11     | Reached XP level 12. HP: 111/111 MP: 7/7
 11102 | D:11     | Noticed a two-headed ogre
 11109 | D:11     | Killed a two-headed ogre
 11109 | D:11     | Reached skill level 10 in Axes
 11394 | D:12     | Noticed a two-headed ogre
 11404 | D:12     | Killed a two-headed ogre
 11536 | D:12     | Noticed a two-headed ogre
 11542 | D:12     | Killed a two-headed ogre
 11873 | D:12     | Identified a scroll of acquirement
 12266 | D:12     | Reached skill level 10 in Dodging
 12742 | Lair:1   | Entered Level 1 of the Lair of Beasts
 13306 | Lair:1   | Noticed a seven-headed hydra
 13385 | Lair:1   | Killed a 17-headed hydra
 13768 | Lair:2   | Gained mutation: Your flesh is cold resistant. (rC+) [evolution]
 14183 | Lair:2   | Reached XP level 13. HP: 122/122 MP: 6/6
 14219 | Lair:2   | Found a hole to the Spider Nest.
 15138 | Lair:3   | Reached skill level 10 in Fighting
 15789 | Lair:3   | Gained mutation: You have a pair of small antennae on your head. [evolution]
 15982 | Lair:4   | Noticed Kirke
 16043 | Lair:4   | Killed Kirke
 16059 | Lair:4   | Found a dark tunnel.
 16220 | Volcano  | Entered a volcano
 16364 | Volcano  | Noticed a fire dragon
 16382 | Volcano  | Killed a fire dragon
 16628 | Lair:4   | Found a staircase to the Shoals.
 17471 | Lair:5   | Lost mutation: You evolve. [evolution]
 17560 | Lair:5   | Gained mutation: You resist negative energy. (rN+) [Deep Dwarf growth]
 17560 | Lair:5   | Reached XP level 14. HP: 115/133 MP: 7/7
 17682 | Lair:5   | Found a runed door.
 17688 | Lair:5   | Found a viscous altar of Jiyva.
 17689 | Lair:5   | Found a staircase to the Slime Pits.
 17810 | Lair:5   | Noticed Rupert
 17852 | Lair:5   | Paralysed by Rupert for 2 turns
 17855 | Lair:5   | Killed Rupert
 17939 | Lair:6   | Entered Level 6 of the Lair of Beasts
 18380 | Lair:5   | Killed from afar by a rime drake

Skill      XL: |  1  2  3  4  5  6  7  8  9 10 11 12 13 14 |
---------------+-------------------------------------------+-----
Fighting       | 3 4 5 6 7 8 9 10 11 | 11.0
Axes           | 3 4 5 6 7 8 9 11 12 | 12.7
Shields        | 4 5 6 8 9 10 11 12 | 12.9
Armour         | 4 5 6 8 9 10 11 12 | 12.8
Dodging        | 1 2 3 5 6 8 9 10 11 12 | 12.3

Action                   |  1- 3 |  4- 6 |  7- 9 | 10-12 | 13-15 || total
-------------------------+-------+-------+-------+-------+-------++-------
Melee: War axe           |   123 |   175 |   406 |   921 |   762 ||  2387
       Hand axe          |       |       |       |   257 |       ||   257
 Fire: Hand crossbow     |       |       |       |    33 |    39 ||    72
Throw: Tomahawk          |       |    16 |    20 |       |       ||    36
       Throwing net      |       |       |     1 |       |       ||     1
Invok: Minor Destruction |       |       |       |     2 |       ||     2
 Abil: Heal Wounds       |       |     1 |     6 |    12 |     4 ||    23
Evoke: Wand              |     1 |       |     3 |    43 |     5 ||    52
  Use: Scroll            |       |     8 |     9 |    11 |     3 ||    31
       Potion            |       |     3 |     5 |     8 |     2 ||    18
 Stab: Distracted        |       |       |     1 |       |       ||     1
       Invisible         |       |       |       |     1 |       ||     1
  Eat: Chunk             |       |    10 |     7 |    19 |    15 ||    51
       Ration            |       |       |     2 |     2 |       ||     4
Armor: Scale mail        |    58 |    49 |       |       |       ||   107
       Chain mail        |       |       |   162 |       |    21 ||   183
       Ring mail         |       |       |    17 |   338 |   151 ||   506
       Skin              |       |       |       |       |     5 ||     5
Dodge: Dodged            |    26 |    49 |   122 |   611 |   436 ||  1244
Block: Shield            |    62 |    96 |   219 |   749 |   491 ||  1617
